AoeStats
← JustClus

Arena

510329572Analyzed
1v1 RM · 20h ago on Sep 30, 2026· 35m 26s· 2 players
Game mode
Random Map
Map size
Tiny (2 player)
Population
200
Speed
Normal
Resources
Standard
Victory
Conquest
Starting age
Dark Age
Ending age
Imperial Age
RankedLock teamsTeams togetherTeam positionsShared explorationLock speedFull tech treeHidden civsTurbo modeCheats
Victory
Defeat
🇨🇭 Turks · Switzerland
1039
+17
🇹🇷 Spanish · Türkiye
1067
-17
Juanito
11:59 Feudal Age
16:06 Castle Age
14:14 Double-Bit Axe
15:14 Loom
20:28 Gold Mining
25:06 Imperial Age
22:46 Loom
23:34 Bow Saw
23:25 Horse Collar
25:00 Gold Shaft Mining
27:36 Wheelbarrow
28:46 Scale Mail Armor
JustClus
5:29 Loom
12:21 Feudal Age
15:44 Castle Age
13:40 Horse Collar
13:47 Double-Bit Axe
24:53 Heavy Plow
30:11 Imperial Age
33:15 Chemistry
33:06 Ballistics
33:18 Onager
Connection lost

Rejoining the realm…

Still unreachable

The connection could not be restored.

Session expired

The server has moved on; the page needs a fresh start.